 Dungeon Crawl Stone Soup version 0.31-a0-263-ge8cad7f256 (webtiles) character file.

Game seed: 9445871186212337577

1317 qw the Skirmisher (level 8, -2/49 HPs)
             Began as a Gargoyle Hexslinger on July 13, 2023.
             Was an Initiate of Okawaru.
             Slain by Maggie
             ... wielding a +2 broad axe of flaming
              (3 damage)
             ... on level 6 of the Dungeon.
             The game lasted 00:02:27 (4603 turns).

qw the Skirmisher (Gargoyle Hexslinger)             Turns: 4603, Time: 00:02:27

Health: -2/49      AC: 11    Str: 13    XL:     8   Next: 59%
Magic:  9/10       EV: 13    Int: 13    God:    Okawaru [......]
Gold:   341        SH:  0    Dex: 14    Spells: 8/9 levels left

rFire   . . .        Y - +4 sling
rCold   . . .        (no shield)
rNeg    + + .        f - +0 ring mail
rPois   inf          (no helmet)
rElec   +            (no cloak)
rCorr   .            (no gloves)
SInv    .            (no boots)
Will    .....        (no amulet)
Stlth   ++           i - ring of positive energy
HPRegen 0.28/turn    (no ring)
MPRegen 0.12/turn

%: no passive effects
@: heroic, mesmerised
A: sickness immunity, AC +5, negative energy resistance 1, electricity
resistance, torment resistance 1, petrification resistance
a: Renounce Religion


You were on level 6 of the Dungeon.
You worshipped Okawaru.
Okawaru was noncommittal.
You visited 1 branch of the dungeon, and saw 6 of its levels.

You collected 341 gold pieces.


Innate Abilities, Weirdness & Mutations

You are immune to sickness and miasma.
Your stone body is resilient. (AC +5)
You are immune to poison.
You resist negative energy. (rN+)
You are resistant to electric shocks. (rElec)
You are resistant to unholy torment.
You are immune to petrification.


   Skills:
 - Level 5.0(10.0) Fighting
 + Level 8.6(13.6) Ranged Weapons
 - Level 1.0(6.0) Armour
 - Level 1.5(6.5) Dodging
 - Level 1.0 Spellcasting
 - Level 2.6 Hexes
 - Level 3.3 Invocations


You had 8 spell levels left.
You knew the following spells:

 Your Spells              Type           Power      Damage    Failure   Level
a - Slow                  Hex            28%        N/A       19%         1

Your spell library contained the following spells:

 Spells                   Type           Power      Damage    Failure   Level
 Inner Flame              Hex/Fire       4%         N/A       67%         3
 Portal Projectile        Hex/Tloc       8%         N/A       67%         3
 Cause Fear               Hex            3%         N/A       88%         4

Inventory:

Hand Weapons
 Y - a +4 sling (weapon)
Armour
 f - a +0 ring mail (worn)
 k - a +0 pair of boots
 l - a +2 cloak of poison resistance
Jewellery
 i - a ring of positive energy (left hand)
Scrolls
 c - 2 scrolls of identify
Potions
 a - a potion of might
 d - a potion of brilliance {unknown}
 e - a potion of lignification {unknown}
 g - 3 potions of curing
 h - a potion of mutation {unknown}
 j - a potion of cancellation {unknown}

Dungeon Overview and Level Annotations

Branches:
Dungeon (6/15)             Temple (0/1) D:5

Altars:
Gozag
Nemelex Xobeh
Okawaru
Trog

Annotations:
D:4 1 runed translucent door, qw's ghost, novice GrHs
D:6 Maggie


Message History

Maggie burns you.
4592 ||| DRINKING potion of heal wounds.
You feel much better.
Maggie hits you with a +2 broad axe of flaming.
Maggie burns you.
You shoot a sling bullet. The sling bullet barely misses Maggie.
You shoot a sling bullet. The sling bullet closely misses Maggie.
Maggie mumbles some strange words.
Maggie draws you further into her thrall.
You shoot a sling bullet. The sling bullet hits Maggie!
Maggie is severely wounded.
Maggie hits you with a +2 broad axe of flaming!
Maggie burns you.
You shoot a sling bullet.
The sling bullet hits Maggie but does no damage.
Maggie is severely wounded.
Maggie hits you but does no damage.
You shoot a sling bullet. The sling bullet hits Maggie.
Maggie is severely wounded.
Maggie closely misses you.
You shoot a sling bullet. The sling bullet hits Maggie.
Maggie is severely wounded.
Maggie barely misses you.
You shoot a sling bullet.
The sling bullet completely misses Maggie.
Maggie casts a spell at you. The bolt of fire hits you!
You shoot a sling bullet.
The sling bullet hits Maggie but does no damage.
Maggie is severely wounded.
You shoot a sling bullet. The sling bullet closely misses Maggie.
Maggie gestures wildly while chanting.
Maggie draws you further into her thrall.
You shoot a sling bullet. The sling bullet closely misses Maggie.
Maggie points at you and mumbles some strange words.
The bolt of fire hits you.
You shoot a sling bullet. The sling bullet hits Maggie.
Maggie is severely wounded.
Maggie hits you with a +2 broad axe of flaming.
You die...

##### .. ...######..#
########.##.@...?#
##...#......@####.#
##.........#.........
#..........^######.##
#...........######.##
#....)..............#
##.........########..
##...#...## #.#
#.####### #.# #. #%#
##### #.# #..


You could see Maggie (mesmerising).

Vanquished Creatures
  A water moccasin (D:5)
  An orc warrior (D:5)
  A black bear (D:5)
  A phantom (D:4)
  A bullfrog (D:6)
  5 scorpions
  A hound (D:5)
  An orc priest (D:5)
  A jelly (D:6)
  A gnoll bouda (D:5)
  2 sleepcaps
  3 iguanas
  2 orc wizards
  8 gnolls
  10 adders
  An ufetubus (D:4)
  2 worms
  3 dart slugs
  12 orcs
  9 ball pythons
  6 bats
  7 endoplasms
  A giant cockroach (D:4)
  10 goblins
  12 hobgoblins
  4 jackals (D:5)
  16 kobolds
  6 quokkas
  4 frilled lizards
  2 rats (D:1)
134 creatures vanquished.

Notes
Turn   | Place    | Note
-------+----------+-------------------------------------------
     0 | D:1      | qw the Gargoyle Hexslinger began the quest for the Orb.
     0 | D:1      | Reached XP level 1. HP: 12/12 MP: 2/2
     0 | D:1      | 0 ||| qw: Version: 0.3-a-52-g30416fa
     0 | D:1      | 0 ||| qw: Game counter: 7226
     0 | D:1      | 0 ||| qw: Melee chars always use a shield: true
     0 | D:1      | 0 ||| qw: God list: Okawaru
     0 | D:1      | 0 ||| qw: Allow faded altars: false
     0 | D:1      | 0 ||| qw: Do Orc after clearing Dungeon:15 true
     0 | D:1      | 0 ||| qw: Do second Lair branch before Depths: true
     0 | D:1      | 0 ||| qw: Lair rune preference: random
     0 | D:1      | 0 ||| qw: Goals: Normal
     0 | D:1      | 0 ||| PLANNING D:1-11
    19 | D:1      | HP: 3/12 [quokka (3)]
    72 | D:1      | Reached XP level 2. HP: 14/16 MP: 3/3
   180 | D:1      | Reached skill level 3 in Ranged Weapons
   300 | D:1      | Reached XP level 3. HP: 12/21 MP: 4/4
   794 | D:1      | 794 ||| UPGRADING to +0 leather armour.
   804 | D:1      | 804 ||| DROPPING +0 robe.
   805 | D:1      | 805 ||| READING scroll labelled QAILOSM XYDUMM.
   806 | D:1      | 806 ||| READING scroll labelled UVAAZE SAZXER.
   807 | D:1      | 807 ||| DRINKING 2 puce potions.
   808 | D:1      | 808 ||| DROPPING scroll of poison.
   857 | D:2      | 857 ||| STAIRDANCE
   874 | D:1      | HP: 4/21 [kobold/+0 club (2)]
   950 | D:2      | 950 ||| STAIRDANCE
  1029 | D:2      | Reached XP level 4. HP: 25/26 MP: 5/5
  1038 | D:2      | 1038 ||| STAIRDANCE
  1131 | D:2      | Reached skill level 4 in Ranged Weapons
  1470 | D:2      | 1470 ||| UPGRADING to +0 ring mail.
  1480 | D:2      | 1480 ||| DROPPING +0 leather armour.
  1481 | D:2      | 1481 ||| READING scroll labelled ZOIZ RIZEMPYEPUZ.
  1484 | D:2      | 1484 ||| READING scroll labelled OGHITUIXIU.
  1485 | D:2      | 1485 ||| READING 2 scrolls of identify.
  1485 | D:2      | 1485 ||| IDENTIFYING fuming dark potion
  1486 | D:2      | 1486 ||| DROPPING potion of magic.
  1515 | D:3      | Found a faded altar of an unknown god.
  1702 | D:3      | 1702 ||| FLEEEEING.
  1704 | D:3      | 1704 ||| FLEEEEING.
  1766 | D:3      | Reached skill level 1 in Armour
  2006 | D:3      | Reached XP level 5. HP: 30/30 MP: 6/6
  2098 | D:3      | 2098 ||| DROPPING +6 ring of intelligence.
  2099 | D:3      | 2099 ||| READING 2 scrolls labelled ILOKIKH ENOLOO.
  2100 | D:3      | 2100 ||| READING scroll of enchant weapon.
  2100 | D:3      | 2100 ||| ENCHANTING +2 sling.
  2101 | D:3      | 2101 ||| READING scroll labelled VOFONUVVIBB.
  2143 | D:4      | 2143 ||| STAIRDANCE
  2153 | D:3      | Reached skill level 5 in Ranged Weapons
  2220 | D:4      | 2220 ||| STAIRDANCE
  2226 | D:3      | Reached skill level 3 in Fighting
  2226 | D:3      | Reached XP level 6. HP: 20/37 MP: 7/7
  2295 | D:4      | 2295 ||| STAIRDANCE
  2375 | D:4      | Found an iron altar of Okawaru.
  2376 | D:4      | 2376 ||| PLANNING OKAWARU WORSHIP
  2383 | D:4      | Became a worshipper of Warmaster Okawaru
  2384 | D:4      | 2384 ||| PLANNING D:1-11
  2398 | D:4      | Identified the +1 robe of Parts Unknown {Harm}
  2404 | D:4      | Noticed qw's ghost (novice GrHs)
  2407 | D:4      | Found a runed translucent door.
  2425 | D:4      | 2425 ||| FLEEEEING.
  2426 | D:4      | 2426 ||| FLEEEEING.
  2427 | D:4      | 2427 ||| FLEEEEING.
  2428 | D:4      | 2428 ||| FLEEEEING.
  2429 | D:4      | 2429 ||| FLEEEEING.
  2430 | D:4      | 2430 ||| FLEEEEING.
  2431 | D:4      | 2431 ||| FLEEEEING.
  2432 | D:4      | 2432 ||| FLEEEEING.
  2433 | D:4      | 2433 ||| FLEEEEING.
  2434 | D:4      | 2434 ||| FLEEEEING.
  2435 | D:4      | 2435 ||| FLEEEEING.
  2436 | D:4      | 2436 ||| FLEEEEING.
  2437 | D:4      | 2437 ||| FLEEEEING.
  2438 | D:4      | 2438 ||| STAIRDANCE
  2470 | D:3      | 2470 ||| DROPPING +1 robe of Parts Unknown {Harm}.
  2475 | D:4      | Reached skill level 6 in Ranged Weapons
  2783 | D:4      | Reached XP level 7. HP: 38/43 MP: 8/8
  2822 | D:4      | Found a bloodstained altar of Trog.
  2982 | D:4      | 2982 ||| UPGRADING to ring of positive energy.
  2983 | D:4      | 2983 ||| READING scroll labelled DEANOECURR.
  2984 | D:4      | 2984 ||| READING 3 scrolls labelled NUJUISM WEQO.
  3092 | D:4      | 3092 ||| READING 2 scrolls of identify.
  3092 | D:4      | 3092 ||| IDENTIFYING fizzy coppery potion
  3093 | D:4      | 3093 ||| DROPPING 2 scrolls of silence.
  3124 | D:5      | Entered Level 5 of the Dungeon
  3163 | D:5      | Reached skill level 7 in Ranged Weapons
  3249 | D:5      | 3249 ||| Stepping ~*~*~tactically~*~*~ (water).
  3258 | D:5      | Reached * piety under Okawaru
  3339 | D:5      | Found a staircase to the Ecumenical Temple.
  3437 | D:5      | Found an opulent altar of Gozag.
  3456 | D:5      | Reached skill level 1 in Invocations
  3517 | D:5      | 3517 ||| INVOKING Heroism.
  3518 | D:5      | 3518 ||| Stepping ~*~*~tactically~*~*~ (outnumbered).
  3533 | D:5      | 3533 ||| INVOKING Heroism.
  3541 | D:5      | Reached XP level 8. HP: 21/48 MP: 6/9
  3541 | D:5      | 3541 ||| FLEEEEING.
  3542 | D:5      | 3542 ||| FLEEEEING.
  3543 | D:5      | 3543 ||| FLEEEEING.
  3544 | D:5      | 3544 ||| FLEEEEING.
  3545 | D:5      | 3545 ||| FLEEEEING.
  3546 | D:5      | 3546 ||| FLEEEEING.
  3549 | D:5      | 3549 ||| FLEEEEING.
  3550 | D:5      | 3550 ||| FLEEEEING.
  3556 | D:5      | 3556 ||| FLEEEEING.
  3557 | D:5      | 3557 ||| FLEEEEING.
  3558 | D:5      | 3558 ||| FLEEEEING.
  3559 | D:5      | 3559 ||| FLEEEEING.
  3560 | D:5      | 3560 ||| FLEEEEING.
  3571 | D:5      | 3571 ||| FLEEEEING.
  3572 | D:5      | 3572 ||| FLEEEEING.
  3573 | D:5      | 3573 ||| FLEEEEING.
  3574 | D:5      | 3574 ||| FLEEEEING.
  3575 | D:5      | 3575 ||| FLEEEEING.
  3576 | D:5      | 3576 ||| FLEEEEING.
  3577 | D:5      | 3577 ||| FLEEEEING.
  3578 | D:5      | 3578 ||| FLEEEEING.
  3579 | D:5      | 3579 ||| FLEEEEING.
  3580 | D:5      | 3580 ||| FLEEEEING.
  3581 | D:5      | 3581 ||| FLEEEEING.
  3586 | D:5      | 3586 ||| STAIRDANCE
  3707 | D:4      | 3707 ||| READING 2 scrolls of identify.
  3707 | D:4      | 3707 ||| IDENTIFYING sapphire potion
  3790 | D:5      | 3790 ||| FLEEEEING.
  3791 | D:5      | 3791 ||| FLEEEEING.
  3792 | D:5      | 3792 ||| FLEEEEING.
  3793 | D:5      | 3793 ||| FLEEEEING.
  3794 | D:5      | 3794 ||| FLEEEEING.
  3795 | D:5      | 3795 ||| FLEEEEING.
  3797 | D:5      | 3797 ||| FLEEEEING.
  3813 | D:5      | Reached skill level 8 in Ranged Weapons
  3813 | D:5      | 3813 ||| INVOKING Heroism.
  3816 | D:5      | 3816 ||| FLEEEEING.
  3817 | D:5      | 3817 ||| FLEEEEING.
  3818 | D:5      | 3818 ||| FLEEEEING.
  3819 | D:5      | 3819 ||| FLEEEEING.
  3820 | D:5      | 3820 ||| FLEEEEING.
  3821 | D:5      | 3821 ||| FLEEEEING.
  4237 | D:5      | 4237 ||| INVOKING Heroism.
  4362 | D:6      | 4362 ||| PLANNING SEWER
  4362 | D:6      | 4362 ||| INVOKING Heroism.
  4433 | D:6      | Found a sparkling altar of Nemelex Xobeh.
  4493 | D:6      | 4493 ||| READING scroll of enchant weapon.
  4493 | D:6      | 4493 ||| ENCHANTING +3 sling.
  4542 | D:6      | Reached skill level 3 in Invocations
  4582 | D:6      | Noticed Maggie
  4591 | D:6      | 4591 ||| INVOKING Heroism.
  4591 | D:6      | HP: 12/49 [Maggie/+2 broad axe of flaming (8)]
  4592 | D:6      | 4592 ||| DRINKING potion of heal wounds.
  4599 | D:6      | HP: 6/49 [Maggie/bolt of fire (17)]
  4602 | D:6      | HP: 1/49 [Maggie/bolt of fire (6)]
  4603 | D:6      | Slain by Maggie

Levels and vault maps discovered:
D:1:      lightli_arrival_maybe_door_vault, layout_loops_ring, minmay_quantized
D:2:      layout_rooms
D:3:      layout_loops_cross, basic_ecumenical_altar, serial_glass,
          glass_columns_c, glass_columns_b
D:4:      layout_rooms, kennysheep_mini, kennysheep_okawaru_gauntlet,
          hellmonk_ghost_happy_afterlife
D:5:      black_bear_nest_1, layout_basic,
          nicolae_gozag_cash_rules_everything_around_me,
          minmay_temple_entry_sparse_star, guppyfry_early_lair_pool
D:6:      layout_rooms, nemelex_diamond_rough_becter, nicolae_uskayaw_en_pointe,
          lightli_sewer_entry_pipes, minivault_11, uniq_maggie

Skill      XL: |  1  2  3  4  5  6  7  8 |
---------------+-------------------------+-----
Ranged Weapons | 3 4 5 6 7 8 |  8.6
Fighting       | 2 3 4 5 |  5.0
Armour         | 1 |  1.0
Invocations    | 2 3 |  3.3
Dodging        | |  1.5
Spellcasting   | |  1.0
Hexes          | |  2.6

Action                     |  1- 3 |  4- 6 |  7- 9 || total
---------------------------+-------+-------+-------++-------
   Fire: Sling             |   132 |   243 |   219 ||   594
 Invoke: Heroism           |       |       |     6 ||     6
    Use: Scroll            |     2 |     6 |     5 ||    13
         Potion            |     1 |       |     1 ||     2
 Armour: Robe              |    14 |       |       ||    14
         Leather armour    |    11 |     8 |       ||    19
         Ring mail         |       |    97 |    66 ||   163
  Dodge: Dodged            |    39 |   115 |    48 ||   202

Table legend:
 A = Non-vault XP
 B = Vault XP
 C = Vault XP percentage of total XP
 D = Non-vault monster count
 E = Vault monster count
 F = Vault count percentage of total count
                 A         B        C        D         E       F
            +---------+---------+-------+---------+---------+-------
      Total |    1729 |     153 |   8.1 |     128 |       6 |   4.5
            +---------+---------+-------+---------+---------+-------
        D:1 |      89 |       2 |   2.2 |      34 |       1 |   2.9
        D:2 |      25 |       0 |   0.0 |      16 |       0 |   0.0
        D:3 |     263 |       0 |   0.0 |      21 |       0 |   0.0
        D:4 |     321 |       4 |   1.2 |      21 |       2 |   8.7
        D:5 |     833 |     147 |  15.0 |      28 |       3 |   9.7
        D:6 |     198 |       0 |   0.0 |       8 |       0 |   0.0
            +---------+---------+-------+---------+---------+-------
